 Dungeon Sprint DCSS version 0.19-a0-1792-g28b16ba (webtiles) character file.

16153 poirepourri the Ninja (level 12, -1/56 HPs)
             Began as a Spriggan Enchanter on Oct 4, 2016.
             Was the Champion of Dithmenos.
             Slain by the 27-headed Lernaean hydra (6 damage)
             ... in the Dungeon (Sprint I: "Red Sonja").
             The game lasted 00:09:54 (3668 turns).

poirepourri the Ninja (Spriggan Enchanter)          Turns: 3668, Time: 00:09:55

Health: -1/56      AC:  4    Str:  4    XL:     12   Next: 7%
Magic:  31/31      EV: 30    Int: 18    God:    Dithmenos [******]
Gold:   773        SH:  0    Dex: 20    Spells: 5 memorised, 27 levels left

rFire  . . .     SeeInvis +     a - +1 dagger
rCold  . . .     Gourm    .     m - +2 robe {MR+}
rNeg   . . .     Faith    .     (shield restricted)
rPois  .         Spirit   .     (helmet restricted)
rElec  .         Dismiss  .     (no cloak)
rCorr  .         Reflect  .     (gloves unavailable)
MR     +++..     Harm     .     (boots unavailable)
Stlth  ++++++++++ NoTele   +    (no amulet)
                                (no ring)
                                (no ring)

@: wreathed by umbra, studying Unarmed Combat, very quick
A: unfitting armour, see invisible, herbivore 3, speed 3, slow metabolism 2
a: Shadow Step, Shadow Form, Renounce Religion


You were in the Dungeon.
You worshipped Dithmenos.
Dithmenos was exalted by your worship.
You were full.

You visited 1 branch You collected 1628 gold pieces.
You spent 855 gold pieces at shops.

Inventory:

Hand Weapons
 a - a +1 dagger (weapon)
Armour
 b - a +1 robe
 m - a +2 robe of magic resistance (worn)
Jewellery
 p - an uncursed ring of protection from cold
Wands
 k - a wand of polymorph (11/24)
Scrolls
 l - a scroll of remove curse
Potions
 e - a potion of curing
 f - a potion of heal wounds
 h - 2 potions of magic
 i - a potion of berserk rage
 n - 3 potions of might {unknown}
Books
 c - a book of Maledictions

   Spells                             Type                      Level
   a - Corona                         Hexes                        1
   b - Ensorcelled Hibernation        Hexes/Ice                    2
   c - Confuse                        Hexes                        3
   d - Tukima's Dance                 Hexes                        3
   e - Dazzling Spray                 Conjuration/Hexes            3
 g - a book of Necromancy

   Spells                             Type                      Level
   a - Pain                           Necromancy                   1
   b - Animate Skeleton               Necromancy                   1
   c - Vampiric Draining              Necromancy                   3
   d - Regeneration                   Charms/Necromancy            3
   e - Animate Dead                   Necromancy                   4
   f - Control Undead                 Necromancy                   4
 o - a manual of Unarmed Combat


   Skills:
 - Level 2.5 Fighting
 + Level 9.8 Short Blades
 + Level 12.5 Dodging
 O Level 27 Stealth
 + Level 14.2 Spellcasting
 + Level 4.2 Conjurations
 + Level 16.7 Hexes
 - Level 2.6 Ice Magic
 + Level 0.8 Invocations


You had 27 spell levels left.
You knew the following spells:

 Your Spells              Type           Power        Failure   Level  Hunger
a - Corona                Hex            ######.      0%          1    None
b - Ensorcelled Hibernat  Hex/Ice        #####.       1%          2    None
c - Confuse               Hex            ######..     0%          3    None
d - Tukima's Dance        Hex            ######..     0%          3    None
e - Dazzling Spray        Conj/Hex       ######       1%          3    None


Dungeon Overview and Level Annotations

Branches:
Dungeon (1/1)

Altars:
Cheibriados
Dithmenos
Elyvilon
Fedhas
Gozag
Hepliaklqana
Kikubaaqudgha
Makhleb
Nemelex Xobeh
Okawaru
Qazlal
Ru
Sif Muna
Trog
Uskayaw
Vehumet
Xom
Yredelemnul
Zin
The Shining One
Jiyva
Lugonu

Shops:
D [=?**!%[%[*[%}*[}

Annotations:
D Lernaean hydra


Innate Abilities, Weirdness & Mutations

You are very small and have problems with some larger weapons.
You are too small for most types of armour.
You have supernaturally acute eyesight. (SInv)
You are a herbivore.
You cover ground extremely quickly.
You need consume almost no food.


Message History

The 27-headed Lernaean hydra bites you!
You emit a cloud of dark smoke.
The 27-headed Lernaean hydra closely misses you. x2
The 27-headed Lernaean hydra completely misses you.
The 27-headed Lernaean hydra bites you. The 27-headed Lernaean hydra bites you!
The 27-headed Lernaean hydra barely misses you.
The 27-headed Lernaean hydra completely misses you.
The 27-headed Lernaean hydra bites you!
The 27-headed Lernaean hydra barely misses you. x2
The 27-headed Lernaean hydra bites you!
* * * LOW HITPOINT WARNING * * *
The 27-headed Lernaean hydra bites you!
* * * LOW HITPOINT WARNING * * *
You emit a cloud of dark smoke.
The 27-headed Lernaean hydra barely misses you.
The 27-headed Lernaean hydra completely misses you. x2
The 27-headed Lernaean hydra misses you.
The 27-headed Lernaean hydra bites you.
* * * LOW HITPOINT WARNING * * *
The 27-headed Lernaean hydra bites you.
You die...

#.###..#
#.#.'..#
#+#.##'##
..#.#≈≈≈##
#### #≈≈≈≈##
#≈≈≈≈≈#
####≈≈≈≈#≈≈≈
#§§#'≈≈≈'≈≈.
#§@§##≈≈#≈≈≈≈
#§D§$######'#
#$$$$# ≈
######


You could see the 27-headed Lernaean hydra.

Vanquished Creatures
  A deep elf annihilator (D)
  A mummy priest (D)
  A hydra (D)
  2 centaur warriors (D)
  Sonja (D)
  A deep troll (D)
  7 unseen horrors (D)
  A lindwurm (D)
  2 oklob plants (D)
  2 sirens (D)
  A gargoyle (D)
  2 kobold demonologists (D)
  4 demonic crawlers (D)
  2 hornets (D)
  A slime creature (D)
  2 redbacks (D)
  Sigmund (D)
  13 hogs (D)
  A yak (D)
  3 floating eyes (D)
  An ogre (D)
  7 necrophages (D)
  8 jellies (D)
  Ijyb (D)
66 creatures vanquished.

Vanquished Creatures (others)
  A gargoyle (D)
  3 hornets (D)
4 creatures vanquished.

Grand Total: 70 creatures vanquished

Notes
Turn   | Place    | Note
-------+----------+-------------------------------------------
     0 | D        | poirepourri the Spriggan Enchanter began the quest for the Orb.
     0 | D        | Reached XP level 1. HP: 9/9 MP: 5/5
     2 | D        | Noticed Ijyb
    18 | D        | Killed Ijyb
    18 | D        | Reached skill level 6 in Stealth
    18 | D        | Reached skill level 5 in Hexes
    18 | D        | Reached XP level 2. HP: 13/13 MP: 7/7
   115 | D        | Learned a level 2 spell: Ensorcelled Hibernation
   218 | D        | Noticed an ogre
   226 | D        | Killed an ogre
   226 | D        | Reached skill level 8 in Stealth
   226 | D        | Reached XP level 3. HP: 16/16 MP: 6/10
   226 | D        | Reached XP level 4. HP: 21/21 MP: 6/11
   231 | D        | Learned a level 3 spell: Confuse
   235 | D        | Learned a level 3 spell: Tukima's Dance
   239 | D        | Learned a level 3 spell: Dazzling Spray
   274 | D        | Noticed Sigmund
   277 | D        | Killed Sigmund
   277 | D        | Reached skill level 11 in Stealth
   277 | D        | Reached XP level 5. HP: 25/25 MP: 12/15
   277 | D        | Reached XP level 6. HP: 29/29 MP: 12/16
   307 | D        | Found a deep blue altar of Sif Muna.
   309 | D        | Found a radiant altar of Vehumet.
   350 | D        | Found Ihalo's Jewellery Emporium.
   350 | D        | Found an ancient bone altar of Kikubaaqudgha.
   350 | D        | Found a hazy altar of Hepliaklqana.
   350 | D        | Found a stormy altar of Qazlal.
   350 | D        | Found a hide-covered altar of Uskayaw.
   350 | D        | Found a blossoming altar of Fedhas.
   350 | D        | Found a bloodstained altar of Trog.
   350 | D        | Found an iron altar of Okawaru.
   350 | D        | Found a basalt altar of Yredelemnul.
   350 | D        | Found a glowing golden altar of the Shining One.
   350 | D        | Found a snail-covered altar of Cheibriados.
   350 | D        | Found a sacrificial altar of Ru.
   350 | D        | Found a glowing silver altar of Zin.
   350 | D        | Found a shadowy altar of Dithmenos.
   350 | D        | Found a white marble altar of Elyvilon.
   350 | D        | Noticed a yak
   351 | D        | Found an opulent altar of Gozag.
   352 | D        | Killed a yak
   352 | D        | Reached skill level 1 in Fighting
   352 | D        | Reached skill level 13 in Stealth
   352 | D        | Reached skill level 10 in Hexes
   353 | D        | Found a sparkling altar of Nemelex Xobeh.
   365 | D        | Became a worshipper of Dithmenos the Shadowed
   383 | D        | Found a burning altar of Makhleb.
   383 | D        | Found a viscous altar of Jiyva.
   383 | D        | Found a shimmering altar of Xom.
   383 | D        | Found a corrupted altar of Lugonu.
   383 | D        | Noticed a slime creature
   386 | D        | Killed a slime creature
   386 | D        | Reached skill level 14 in Stealth
   386 | D        | Reached XP level 7. HP: 33/33 MP: 19/19
   412 | D        | Noticed Sonja
   423 | D        | Killed Sonja
   423 | D        | Reached skill level 15 in Stealth
   423 | D        | Reached skill level 1 in Ice Magic
   423 | D        | Reached XP level 8. HP: 19/39 MP: 15/21
   721 | D        | Noticed a deep troll
   725 | D        | Killed a deep troll
   725 | D        | Reached * piety under Dithmenos
   725 | D        | Reached skill level 5 in Short Blades
   725 | D        | Reached skill level 17 in Stealth
   735 | D        | Found Noclulafiepp's Armour Emporium.
   745 | D        | Bought a +2 robe of magic resistance for 230 gold pieces
   785 | D        | Found Jaaruef's Antique Armour Boutique.
   813 | D        | Noticed a centaur warrior
   815 | D        | Noticed a centaur warrior
   817 | D        | Killed a centaur warrior
   817 | D        | Reached skill level 10 in Dodging
   817 | D        | Reached skill level 18 in Stealth
   817 | D        | Reached XP level 9. HP: 43/43 MP: 23/23
   819 | D        | Killed a centaur warrior
   819 | D        | Reached skill level 19 in Stealth
   819 | D        | Reached skill level 10 in Spellcasting
   832 | D        | Reached ** piety under Dithmenos
   832 | D        | Reached skill level 20 in Stealth
   843 | D        | Noticed an oklob plant
   845 | D        | Killed an oklob plant
   857 | D        | Reached XP level 10. HP: 47/47 MP: 25/25
   878 | D        | Noticed an unseen horror
   878 | D        | Noticed an unseen horror
   887 | D        | Killed an unseen horror
   887 | D        | Reached *** piety under Dithmenos
   887 | D        | Reached skill level 21 in Stealth
   890 | D        | Killed an unseen horror
   890 | D        | Reached skill level 22 in Stealth
   979 | D        | Reached **** piety under Dithmenos
   988 | D        | Reached ***** piety under Dithmenos
  1186 | D        | Reached skill level 1 in Conjurations
  1253 | D        | Found Uwkuss's Assorted Antiques.
  1253 | D        | Found Foagret's Magic Scroll Shop.
  1253 | D        | Found Hudiw's Assorted Antiques.
  1255 | D        | Found Tomaitadd's Distillery.
  1255 | D        | Found Rumnykust's Food Shop.
  1255 | D        | Found Rel Ank's Armour Shoppe.
  1255 | D        | Found Rufaex's Food Boutique.
  1255 | D        | Found Donouj's Antique Armour Emporium.
  1255 | D        | Found Tatec's General Store.
  1255 | D        | Found Fuyna Dio's Armour Shoppe.
  1259 | D        | Bought a papyrus manual for 300 gold pieces
  1259 | D        | Found Ogul's Food Boutique.
  1260 | D        | Found Pathool's General Store.
  1260 | D        | Found Lupihage's Gadget Boutique.
  1261 | D        | Found Zodghyxzi's Gadget Emporium.
  1346 | D        | Bought an uncursed ring of protection from cold for 325 gold pieces
  1402 | D        | Killed a gargoyle
  1475 | D        | Reached ****** piety under Dithmenos
  1605 | D        | Reached skill level 15 in Hexes
  1607 | D        | Reached skill level 23 in Stealth
  1620 | D        | Noticed a gargoyle
  1630 | D        | Killed a gargoyle
  1630 | D        | Reached XP level 11. HP: 32/51 MP: 10/28
  1811 | D        | Noticed a lindwurm
  1813 | D        | Killed a lindwurm
  1900 | D        | Reached skill level 24 in Stealth
  2008 | D        | Noticed a 12-headed hydra
  2010 | D        | Killed a 12-headed hydra
  2083 | D        | Noticed a daeva
  2086 | D        | Noticed an unseen horror
  2086 | D        | Noticed an unseen horror
  2086 | D        | Noticed an unseen horror
  2087 | D        | Noticed an unseen horror
  2089 | D        | Killed an unseen horror
  2089 | D        | Reached skill level 25 in Stealth
  2090 | D        | Noticed an unseen horror
  2091 | D        | Killed an unseen horror
  2092 | D        | Killed an unseen horror
  2094 | D        | Killed an unseen horror
  2094 | D        | Reached skill level 26 in Stealth
  2096 | D        | Killed an unseen horror
  2796 | D        | Noticed a deep elf annihilator
  2796 | D        | Noticed a mummy priest
  2959 | D        | Reached skill level 27 in Stealth
  2969 | D        | Killed a deep elf annihilator
  3207 | D        | Killed a mummy priest
  3207 | D        | Reached XP level 12. HP: 30/56 MP: 3/31
  3658 | D        | Noticed the 27-headed Lernaean hydra
  3668 | D        | Slain by the 27-headed Lernaean hydra

Vault maps used:
D:        dungeon_sprint_1

Skill      XL: |  1  2  3  4  5  6  7  8  9 10 11 |
---------------+----------------------------------+-----
Dodging        | 4 6 7 8 9 10 11 12 | 12.5
Stealth        | 6 8 11 14 15 18 20 23 27 | 27.0
Spellcasting   | 3 4 6 7 8 9 10 12 14 | 14.2
Hexes          | 5 7 9 11 12 13 14 15 16 | 16.7
Short Blades   | 2 3 4 5 7 9 |  9.8
Fighting       | 1 2 |  2.5
Ice Magic      | 1 2 |  2.6
Conjurations   | 3 4 |  4.2
Invocations    | |  0.8

Action                   |  1- 3 |  4- 6 |  7- 9 | 10-12 || total
-------------------------+-------+-------+-------+-------++-------
Melee: Dagger            |    16 |     4 |     8 |    61 ||    89
 Cast: Ensorcelled Hiber |     1 |       |     2 |    24 ||    27
       Dazzling Spray    |       |       |       |    53 ||    53
Invok: Shadow Step       |       |       |       |     1 ||     1
  Use: Scroll            |       |       |     1 |     2 ||     3
       Potion            |       |       |       |     2 ||     2
 Stab: Sleeping          |     2 |     4 |     8 |    42 ||    56
  Eat: Bread ration      |       |       |       |     1 ||     1
Armor: Skin              |     3 |       |       |       ||     3
       Robe              |       |       |       |     7 ||     7
Dodge: Dodged            |     3 |       |       |    95 ||    98
